 Dungeon Crawl Stone Soup version 0.20-a0-11-ga97c7b5 (webtiles) character file.

83942 dobroeutro the Basher (level 15, 0/100 HPs)
             Began as a Gargoyle Fighter on Nov 2, 2016.
             Was the Champion of Okawaru.
             Slain by an ogre
             ... wielding a +0 giant club
              (15 damage)
             ... on level 1 of the Orcish Mines.
             The game lasted 00:45:59 (20827 turns).

dobroeutro the Basher (Gargoyle Fighter)           Turns: 20827, Time: 00:46:00

Health: 0/100      AC: 33    Str: 24    XL:     15   Next: 78%
Magic:  18/20      EV: 18    Int:  8    God:    Okawaru [******]
Gold:   1803       SH: 13    Dex: 12    Spells: 0 memorised, 14 levels left

rFire  . . .     SeeInvis +     R - +3 flail (drain)
rCold  . . .     Gourm    .     b - +0 scale mail
rNeg   + . .     Faith    .     Z - +0 shield {reflect}
rPois  ∞         Spirit   .     s - +2 hat
rElec  +         Reflect  +     q - +0 cloak
rCorr  .         Harm     .     (no gloves)
MR     +....                    B - +2 pair of boots of the Assassin {DetectMon Stab+ Stlth++}
Stlth  +++.......               I - amulet of regeneration
                                V - ring of see invisible
                                g - +4 ring of protection

@: heroism
A: big wings, negative energy resistance 1, electricity resistance, unbreathing,
petrification resistance, rot immunity, AC +11
a: Fly, Heroism, Finesse, Renounce Religion


You were on level 1 of the Orcish Mines.
You worshipped Okawaru.
Okawaru was exalted by your worship.
You were hungry.

You visited 4 branches of the dungeon, and saw 24 of its levels.

You collected 1803 gold pieces.

Inventory:

Hand Weapons
 p - the +9 war axe "Jyerogou" {chop, Int+5 Dex+4, unknown}
   (You took it off a deep elf mage on level 15 of the Dungeon)

   It inflicts extra damage upon your enemies.
   It affects your intelligence (+5).
   It affects your dexterity (+4).
 F - a +0 morningstar
 R - a +3 flail of draining (weapon)
Armour
 a - the +5 shield "Jusissasm" {*Slow rF+ rN+ rCorr Slay+3}
   (Okawaru gifted it to you on level 12 of the Dungeon)

   It affects your accuracy and damage with ranged weapons and melee attacks
   (+3).
   It protects you from fire.
   It protects you from negative energy.
   It protects you from acid and corrosion.
   It may slow you when you take damage.
 b - a +0 scale mail (worn)
 q - a +0 cloak (worn)
 s - a +2 hat (worn)
 B - the +2 pair of boots of the Assassin (worn) {DetectMon Stab+ Stlth++}
   (Okawaru gifted it to you on level 11 of the Dungeon)

   It makes you much more stealthy.
 Z - a +0 shield of reflection (worn)
Rods
 Y - a +0 lightning rod (14/14)
   (You found it on level 12 of the Dungeon)
Jewellery
 g - a +4 ring of protection (left hand)
 A - an uncursed ring of resist corrosion
 I - an amulet of regeneration (around neck)
 O - a +3 ring of evasion
 U - an uncursed ring of ice
 V - a ring of see invisible (right hand)
 W - the amulet of the Thirteen Moons {Gourm rElec}
   (You found it on level 11 of the Dungeon)

   [amulet of the gourmand]

   It allows you to eat raw meat even when not hungry.
   It insulates you from electricity.
 X - an uncursed ring of fire
Wands
 k - a wand of teleportation (2/9)
 m - a wand of digging (11/24)
 x - a wand of disintegration (1/24)
 L - a wand of paralysis (6/24)
Scrolls
 c - 2 scrolls of amnesia
 n - 6 scrolls of identify
 o - a scroll of fear
 v - a scroll of teleportation
 y - 10 scrolls of remove curse
 D - 5 scrolls of magic mapping
 S - 6 scrolls of enchant weapon
 T - 4 scrolls of enchant armour
Potions
 d - 6 potions of might
 e - a potion of cancellation
 h - 5 potions of brilliance
 i - 3 potions of magic
 j - a potion of flight
 t - 8 potions of curing
 u - a potion of ambrosia {unknown}
 z - a potion of invisibility
 H - 3 potions of haste
 J - 3 potions of heal wounds
 K - 4 potions of lignification
Comestibles
 f - 11 bread rations
 r - 17 royal jellies
 C - 9 meat rations
 E - 3 slices of pizza
 N - 16 fruits


   Skills:
 + Level 13.7(18.7) Fighting
 + Level 14.9(19.9) Maces & Flails
 + Level 13.2(18.2) Armour
 + Level 10.2(15.2) Dodging
 + Level 7.0(12.0) Shields
 + Level 7.8 Evocations


You had 14 spell levels left.
You didn't know any spells.

Dungeon Overview and Level Annotations

Branches:
Dungeon (15/15)            Temple (1/1) D:7            Lair (6/6) D:9
 Shoals (0/4) Lair:4        Snake (0/4) Lair:3        Slime (0/5) Lair:5
    Orc (2/2) D:10            Elf (0/3) Orc:2        Depths (0/5) D:15
 Vaults: D:13-14

Altars:
Ashenzari
Cheibriados
Dithmenos
Elyvilon
Fedhas
Gozag
Hepliaklqana
Kikubaaqudgha
Makhleb
Nemelex Xobeh
Okawaru
Qazlal
Ru
Sif Muna
Trog
Uskayaw
Vehumet
Xom
Yredelemnul
Zin
The Shining One

Shops:
D:5 }   D:15 [

Annotations:
D:4 Prince Ribbit
Lair:2 exclusion: 4 oklob plants


Innate Abilities, Weirdness & Mutations

You are resistant to torment.
Your stone body is resilient. (AC +11)
You are immune to poison.
Your large and strong wings let you fly indefinitely.
You resist negative energy. (rN+)
You are resistant to electric shocks. (rElec)
You can survive without breathing.
You are immune to petrification.
You are immune to rotting.


Message History

The orc warrior hits you from afar with a trident.
Unknown command.
You hit the ogre. You drain the ogre!
The ogre is almost dead.
You block the orc's attack. The ogre hits you but does no damage.
The orc priest invokes the aid of Beogh against you.
Beogh smites you!
* * * LOW HITPOINT WARNING * * *
The ogre hits you with a giant club!
* * * LOW HITPOINT WARNING * * *
The orc warrior hits you but does no damage.
You are too injured to fight recklessly!
Unknown command.
Unknown command.
You are too injured to fight recklessly!
Unknown command.
You are too injured to fight recklessly!
You gain the combat prowess of a mighty hero.
The ogre hits you with a giant club!
You die...

### ###
##@##o.##.#
##oOOoo.....
#..ooo..##.
#.$.........
##..........
#....o......
#...........
##.#....#.##
......#..#


You could see 2 orc warriors, 2 ogres, an orc priest, an orc wizard and 3 orcs.

Vanquished Creatures
  A tengu reaver (D:11)
  Nessos (D:12)
  3 ettins (D:15)
  Snorg (D:13)
  Fannar (D:11)
  A great orb of eyes (D:15)
  6 hydras
  A yaktaur captain (D:15)
  Harold (Lair:2)
  3 vault guards (D:15)
  2 centaur warriors (D:15)
  A death knight (D:9)
  Erica (D:10)
  A death yak (Lair:6)
  3 ogre magi
  A deep troll earth mage (D:11)
  A tengu warrior (D:11)
  Nergalle (D:12)
  A skeletal warrior (D:15)
  3 unseen horrors
  A wizard (D:15)
  Pikel (D:6)
  A harpy (D:15)
  2 deep elf magi (D:15)
  4 hill giants
  An orc knight (D:15)
  An ugly thing (D:12)
  3 cyclopes
  6 black mambas
  Maurice (D:8)
  Joseph (D:9)
  5 elephants
  A torpor snail (Lair:6)
  A gargoyle (D:12)
  17 spiny frogs
  2 kobold demonologists (D:15)
  A komodo dragon (shapeshifter) (D:15)
  5 rime drakes
  4 komodo dragons
  4 trolls
  15 two-headed ogres
  A queen bee (Lair:2)
  5 polar bears
  A slime creature (D:15)
  4 hornets (Lair:6)
  22 blink frogs
  15 hippogriffs
  A snapping turtle (Lair:4)
  A shadow (D:15)
  A wraith (D:11)
  14 spriggans (Lair:6)
  5 wyverns
  2 redbacks
  49 yaks
  Eustachio (D:6)
  A steam dragon (Lair:2)
  Grum (D:10)
  3 basilisks
  A naga (Lair:3)
  2 mottled dragons (D:15)
  Edmund (D:6)
  A warg (Orc:2)
  11 water moccasins
  2 floating eyes (D:15)
  Duvessa (D:6)
  A soldier ant (D:14)
  11 orc warriors
  2 hell hounds (D:9)
  8 porcupines
  3 sky beasts
  2 ice beasts
  3 black bears (Lair:6)
  4 phantoms
  31 wolves
  An eye of draining (D:9)
  18 ogres
  2 boggarts (Lair:6)
  8 centaurs
  9 crocodiles
  4 big kobolds
  2 gnoll sergeants (D:9)
  Dowan (D:6)
  12 bullfrogs
  A wyvern skeleton (D:12)
  3 scorpions
  37 killer bees
  4 wights (D:8)
  An electric eel (Lair:4)
  7 crimson imps
  7 howler monkeys
  14 jellies
  2 bullfrog zombies (D:10)
  A centaur zombie (D:8)
  8 hounds
  2 bullfrog skeletons
  14 orc priests
  13 orc wizards
  4 centaur skeletons
  4 iguanas
  Natasha (thrice) (D:3)
  6 worker ants
  A hound skeleton (D:11)
  11 gnolls
  8 adders
  A river rat (Lair:2)
  A shadow imp (D:10)
  7 oozes
  A worm (D:3)
  A dart slug (D:3)
  12 leopard geckos
  60 orcs
  10 bats
  4 giant cockroaches
  10 hobgoblins
  4 jackals (D:4)
  37 kobolds
  3 quokkas
  3 ball pythons
  7 frilled lizards
  9 goblins
  A jackal zombie (D:6)
  A leopard gecko skeleton (D:4)
  A quokka skeleton (D:4)
  5 rats
708 creatures vanquished.

Vanquished Creatures (others)
  A sky beast (D:6)
  A killer bee (Lair:2)
  A water moccasin skeleton (D:6)
  A bush (Lair:6)
  14 fungi
  7 plants
25 creatures vanquished.

Grand Total: 733 creatures vanquished

Notes
Turn   | Place    | Note
-------+----------+-------------------------------------------
     0 | D:1      | dobroeutro the Gargoyle Fighter began the quest for the Orb.
     0 | D:1      | Reached XP level 1. HP: 14/14 MP: 1/1
   124 | D:1      | Reached XP level 2. HP: 12/19 MP: 2/2
   385 | D:1      | Reached XP level 3. HP: 23/23 MP: 3/3
   614 | D:1      | Reached skill level 3 in Maces & Flails
   757 | D:2      | Reached XP level 4. HP: 29/29 MP: 4/4
  1436 | D:3      | Noticed Natasha
  1446 | D:3      | Killed Natasha
  1446 | D:3      | Reached XP level 5. HP: 34/34 MP: 5/5
  1680 | D:3      | Noticed Natasha
  1709 | D:3      | Killed Natasha
  1709 | D:3      | Reached skill level 4 in Maces & Flails
  2173 | D:3      | Noticed Natasha
  2181 | D:3      | Killed Natasha
  2198 | D:4      | Reached XP level 6. HP: 34/39 MP: 6/6
  2213 | D:4      | Noticed a sky beast
  2235 | D:4      | Killed a sky beast
  2334 | D:4      | Reached skill level 5 in Fighting
  2334 | D:4      | Reached skill level 5 in Maces & Flails
  2897 | D:5      | Entered Level 5 of the Dungeon
  2903 | D:5      | Noticed Prince Ribbit
  3008 | D:5      | Reached XP level 7. HP: 40/44 MP: 7/7
  3024 | D:5      | Reached skill level 1 in Dodging
  3092 | D:5      | Found Oxisebog's Gadget Boutique.
  3695 | D:5      | Reached skill level 5 in Armour
  3916 | D:6      | Noticed Duvessa
  3916 | D:6      | Noticed Dowan
  3927 | D:6      | Killed Duvessa
  3927 | D:6      | Reached skill level 6 in Maces & Flails
  3933 | D:6      | Killed Dowan
  4136 | D:6      | Noticed Pikel
  4167 | D:6      | Killed Pikel
  4167 | D:6      | Reached skill level 7 in Maces & Flails
  4167 | D:6      | Reached XP level 8. HP: 43/51 MP: 8/8
  4359 | D:6      | Noticed Eustachio
  4385 | D:6      | Killed Eustachio
  4385 | D:6      | Reached XP level 9. HP: 45/56 MP: 9/9
  4776 | D:6      | Reached skill level 8 in Maces & Flails
  4783 | D:6      | Gained mutation: You have a somewhat thin skeletal structure. (Dex +2, Stealth) [mutagenic meat]
  4784 | D:6      | Gained mutation: Your body sometimes deteriorates upon taking damage. [mutagenic meat]
  4785 | D:6      | Gained mutation: You have large cloven feet. [mutagenic meat]
  4786 | D:6      | Gained mutation: You are agile. (Dex +2) [mutagenic meat]
  4801 | D:6      | Noticed Edmund
  4814 | D:6      | Killed Edmund
  4838 | D:7      | Found a staircase to the Ecumenical Temple.
  4863 | Temple   | Entered the Ecumenical Temple
  4929 | Temple   | Became a worshipper of Warmaster Okawaru
  5589 | D:8      | Reached * piety under Okawaru
  5616 | D:8      | Got a distressingly furry leather armour
  5628 | D:8      | Identified the +0 leather armour of Kleptomania {MP+9} (You found it on level 8 of the Dungeon)
  5684 | D:8      | Noticed Maurice
  5786 | D:8      | Killed Maurice
  5786 | D:8      | Reached skill level 9 in Maces & Flails
  5892 | D:8      | Reached XP level 10. HP: 62/64 MP: 10/10
  6196 | D:8      | Reached ** piety under Okawaru
  6315 | D:9      | Noticed Joseph
  6339 | D:9      | Killed Joseph
  6359 | D:9      | Reached skill level 10 in Maces & Flails
  6361 | D:9      | Reached skill level 5 in Dodging
  6479 | D:9      | Gained mutation: You possess an exceptional clarity of mind. [mutagenic meat]
  6481 | D:9      | Gained mutation: Your body often deteriorates upon taking damage. [mutagenic meat]
  6482 | D:9      | Lost mutation: You have large cloven feet. [mutagenic meat]
  6483 | D:9      | Lost mutation: You are agile. (Dex +2) [mutagenic meat]
  6587 | D:9      | Found a staircase to the Lair.
  6609 | D:9      | Reached *** piety under Okawaru
  7154 | D:9      | Noticed a death knight
  7413 | D:8      | Reached XP level 11. HP: 60/69 MP: 11/11
  7459 | D:8      | Reached skill level 11 in Maces & Flails
  7518 | D:9      | Reached **** piety under Okawaru
  7556 | D:9      | Killed a death knight
  8073 | D:10     | Entered Level 10 of the Dungeon
  8154 | D:10     | Lost mutation: Your body often deteriorates upon taking damage. [potion of cure mutation]
  8154 | D:10     | Lost mutation: Your body sometimes deteriorates upon taking damage. [potion of cure mutation]
  8154 | D:10     | Lost mutation: You have a somewhat thin skeletal structure. (Dex +2, Stealth) [potion of cure mutation]
  8154 | D:10     | Lost mutation: You possess an exceptional clarity of mind. [potion of cure mutation]
  8916 | D:10     | Noticed Grum
  8940 | D:10     | Killed Grum
  9022 | D:10     | Noticed a hill giant
  9031 | D:10     | Killed a hill giant
  9082 | D:10     | Killed an unseen horror
  9150 | D:10     | Found a staircase to the Orcish Mines.
  9215 | D:10     | Killed an unseen horror
  9215 | D:10     | Reached ***** piety under Okawaru
  9243 | D:10     | Noticed a hill giant
  9268 | D:10     | Killed a hill giant
  9268 | D:10     | Reached skill level 12 in Maces & Flails
  9606 | D:11     | Noticed Erica
  9632 | D:10     | Killed Erica
  9668 | D:11     | Noticed a cyclops
  9669 | D:11     | Noticed a hill giant
  9679 | D:11     | Killed a hill giant
  9679 | D:11     | Reached skill level 10 in Fighting
  9679 | D:11     | Reached XP level 12. HP: 53/77 MP: 12/12
  9686 | D:11     | Received a gift from Okawaru
  9808 | D:11     | Noticed Fannar
  9826 | D:11     | Killed Fannar
  9826 | D:11     | Reached skill level 10 in Armour
  9878 | D:11     | Got a steaming iron amulet
  9879 | D:11     | Identified the amulet of the Thirteen Moons {Gourm rElec} (You found it on level 11 of the Dungeon)
 10417 | D:11     | Noticed a tengu warrior
 10430 | D:11     | Killed a tengu warrior
 10440 | D:11     | Noticed a deep troll earth mage
 10444 | D:11     | Noticed a tengu reaver
 10454 | D:11     | Killed a deep troll earth mage
 10483 | D:11     | Killed a tengu reaver
 10888 | D:12     | Got a faintly glowing battleaxe
 10889 | D:12     | Identified the cursed +1 battleaxe of Power {pain, +Rage rF+ Stlth+} (You found it on level 12 of the Dungeon)
 10909 | D:12     | You fall through a shaft for 3 floors!
 10909 | D:15     | Entered Level 15 of the Dungeon
 10909 | D:15     | Noticed a vault guard
 10914 | D:15     | Noticed an ettin
 10926 | D:15     | Killed an ettin
 10926 | D:15     | Reached skill level 13 in Maces & Flails
 10926 | D:15     | Reached skill level 1 in Evocations
 11146 | D:15     | Noticed a vault guard
 11147 | D:15     | Noticed a great orb of eyes
 11183 | D:15     | Killed a vault guard
 11187 | D:15     | Paralysed by a floating eye for 3 turns
 11202 | D:15     | Killed a vault guard
 11238 | D:15     | Noticed a vault guard
 11239 | D:15     | Noticed a great orb of eyes
 11250 | D:15     | Paralysed by a great orb of eyes for 3 turns
 11269 | D:15     | Noticed a six-headed hydra
 11269 | D:15     | Noticed a spriggan rider
 11285 | D:15     | Noticed an ettin
 11285 | D:15     | Noticed a vault guard
 11538 | D:15     | Received a gift from Okawaru
 11702 | D:15     | Killed a great orb of eyes
 11702 | D:15     | Reached XP level 13. HP: 31/84 MP: 12/14
 11738 | D:15     | Killed an ettin
 11738 | D:15     | Received a gift from Okawaru
 11746 | D:15     | Paralysed by a floating eye for 2 turns
 11753 | D:15     | Paralysed by a floating eye for 4 turns
 11784 | D:15     | Killed a vault guard
 12258 | D:15     | Noticed an ettin
 12268 | D:15     | Killed an ettin
 12325 | D:15     | Noticed a minotaur
 12328 | D:15     | Noticed a spark wasp
 12328 | D:15     | a minotaur changed into a spark wasp
 12590 | D:15     | Found Rax Veo's Antique Armour Shop.
 12870 | D:15     | Got a crystal war axe {chop}
 12962 | D:15     | Noticed a yaktaur captain
 12991 | D:15     | Killed a yaktaur captain
 13103 | D:15     | Noticed a fire dragon
 13297 | D:13     | Noticed Snorg
 13313 | D:13     | Killed Snorg
 13399 | D:12     | Received a gift from Okawaru
 13402 | D:12     | Got a distressingly furry shield {god gift}
 13413 | D:12     | Identified the +5 shield "Jusissasm" {*Slow rF+ rN+ rCorr Slay+3} (Okawaru gifted it to you on level 12 of the Dungeon)
 13553 | D:12     | Noticed Nergalle
 13566 | D:12     | Killed Nergalle
 13566 | D:12     | Reached skill level 5 in Evocations
 13680 | D:12     | Noticed Nessos
 13703 | D:12     | Gained mutation: Your large and strong wings let you fly indefinitely. [Gargoyle growth]
 13703 | D:12     | Reached XP level 14. HP: 31/92 MP: 14/17
 13721 | D:12     | Killed Nessos
 14307 | Lair:1   | Entered Level 1 of the Lair of Beasts
 14622 | Lair:1   | Reached skill level 14 in Maces & Flails
 15436 | Lair:2   | Received a gift from Okawaru
 15436 | Lair:2   | Reached ****** piety under Okawaru
 15640 | Lair:2   | Noticed Harold
 15654 | Lair:2   | Killed Harold
 15654 | Lair:2   | Received a gift from Okawaru
 16006 | Lair:2   | Found an ancient bone altar of Kikubaaqudgha.
 16319 | Lair:3   | Found a staircase to the Snake Pit.
 17105 | Lair:4   | Reached skill level 5 in Shields
 17247 | Lair:4   | Found a staircase to the Shoals.
 17961 | Lair:5   | Reached XP level 15. HP: 97/97 MP: 20/20
 18279 | Lair:5   | Found a staircase to the Slime Pits.
 18438 | Lair:6   | Entered Level 6 of the Lair of Beasts
 18595 | Lair:6   | Received a gift from Okawaru
 18616 | Lair:6   | Got a distressingly furry cloak {god gift}
 18627 | Lair:6   | Identified the -7 cloak "Oleji" {rF- Int+3 Dex+3} (Okawaru gifted it to you on level 6 of the Lair of Beasts)
 18890 | Lair:6   | Reached skill level 10 in Dodging
 19996 | Orc:1    | Entered Level 1 of the Orcish Mines
 20371 | Orc:2    | Entered Level 2 of the Orcish Mines
 20627 | Orc:1    | Received a gift from Okawaru
 20741 | Orc:2    | Found a staircase to the Elven Halls.
 20827 | Orc:1    | Slain by an ogre

Vault maps used:
D:1:      dpeg_arrival_rhombus
D:2:      first_bread, minmay_crystal_room
D:3:      uniq_natasha
D:4:      st_stairs_1
D:5:      serial_shops, nicolae_shop_behind_doors, uniq_prince_ribbit1
D:6:      uniq_pikel, uniq_duvessa, uniq_eustachio, uniq_edmund
D:8:      hangedman_little_slice_of_home, uniq_maurice
D:9:      minmay_lair_entry_lava, uniq_joseph
D:10:     hiddenorc1_lemuel, uniq_grum
D:11:     minmay_mutant_horseshoe, uniq_fannar, uniq_erica
D:12:     uniq_nessos, uniq_nergalle
D:13:     david_vaults_5, serial_shops, nicolae_shop_trees,
          kennysheep_generic_room_9, uniq_snorg, uniq_azrael
D:14:     serial_shops, shop, minmay_misc_feat_nine_boxes,
          hangedman_glass_teeth, grunt_gozag_breadcrumbs, uniq_josephine
D:15:     hangedman_spin_cycle
Temple:   dpeg_three_leaves_temple
Lair:2:   hangedman_what_comes_after_a, basic_altar, lemuel_fruit_fields,
          uniq_harold
Lair:3:   guppyfry_snake_entry_island
Lair:4:   minmay_shoals_entry_hut, serial_bayou_lagoon_a,
          infiniplex_staircase_pool_2
Lair:5:   dpeg_slime_entry_corner
Lair:6:   minmay_lair_end_enchanted_forest, grunt_megastairs_1
Orc:2:    st_orc_ogre_mass, serial_shops, nicolae_shop_statue_plus

Skill      XL: |  1  2  3  4  5  6  7  8  9 10 11 12 13 14 15 |
---------------+----------------------------------------------+-----
Maces & Flails | 3 4 5 7 9 10 12 13 14 | 14.9
Fighting       | 4 5 6 7 8 10 11 12 13 | 13.7
Armour         | 4 5 6 7 8 9 10 11 12 13 | 13.2
Dodging        | 2 3 4 5 6 7 8 9 10 | 10.2
Shields        | 4 5 7 |  7.0
Evocations     | 2 5 6 7 |  7.8

Action                   |  1- 3 |  4- 6 |  7- 9 | 10-12 | 13-15 || total
-------------------------+-------+-------+-------+-------+-------++-------
Melee: Flail             |   105 |   239 |   257 |   903 |  1797 ||  3301
       Morningstar       |       |       |    68 |       |       ||    68
       Kick              |       |       |    46 |    70 |       ||   116
Invok: Heroism           |       |       |       |    12 |    17 ||    29
Evoke: Wand              |       |       |       |     1 |     1 ||     2
  Use: Scroll            |       |       |     1 |    26 |    12 ||    39
       Potion            |       |       |       |     4 |     5 ||     9
 Stab: Sleeping          |       |       |       |     2 |     6 ||     8
       Distracted        |       |       |       |       |     2 ||     2
  Eat: Chunk             |       |     7 |    12 |    36 |    21 ||    76
       Bread ration      |       |       |     1 |       |       ||     1
       Beef jerky        |       |       |       |       |     4 ||     4
       Pizza             |       |       |       |       |     1 ||     1
Armor: Scale mail        |    59 |   155 |   164 |   353 |   941 ||  1672
Dodge: Dodged            |    32 |    83 |   105 |   384 |  1089 ||  1693
Block: Shield            |    53 |   134 |   146 |   364 |  1271 ||  1968
       Reflection        |       |       |       |       |     9 ||     9
